Map: Frost LE

Players

Furrex - Winner!

  • Race: Terran Terran
  • League: Diamond
  • Spawn Location: 1:00

A.I. 1 (Easy)

  • Race: Protoss Protoss
  • Spawn Location: 7:00

VOD

Have the link to the VOD?

Description

Time

  • Played on: May 25, 2016, 10:17 a.m.
  • Length: 13:01
Show
View Real Time Build Order
Export as new Build Order

Furrex Terran - Winner!

Build Orders: MMM Bio 

Get SALT Encoding   

  12  0:00  SCV  
  13  0:12  SCV  
  14  0:17  Supply Depot  
  14  0:24  SCV  
  15  0:38  SCV  
  15  0:39  Barracks  
  16  0:44  Refinery  
  16  0:50  SCV  
  17  1:03  SCV  
  18  1:15  SCV  
  19  1:26  Marine  
  19  1:27  Orbital Command  
  20  1:47  Command Center  
  20  1:56  Supply Depot  
  21  2:07  Factory  
  20  2:10  Barracks Reactor  
  20  2:13  SCV  
  21  2:25  SCV  
  22  2:37  SCV  
  22  2:39  Barracks  
  23  2:49  SCV  
  24  2:53  Refinery  
  24  2:58  Orbital Command  
  24  3:00  Marine  
  24  3:01  SCV  
  24  3:02  Hellion  
  28  3:06  Hellion  
  30  3:14  SCV  
  30  3:18  Marine  
  32  3:25  SCV  
  32  3:26  Barracks Tech Lab, SCV  
  34  3:37  SCV  
  34  3:38  Barracks Tech Lab, SCV  
  36  3:43  Starport  
  36  3:46  Stimpack  
  36  3:47  Widow Mine  
  39  3:49  Marauder, SCV  
  39  3:50  Marine, SCV  
  39  3:51  Marine  
  44  4:01  SCV  
  44  4:02  Supply Depot, SCV  
  46  4:03  Supply Depot  
  44  4:19  Marine x2, Factory Reactor  
  44  4:20  Marauder  
  44  4:23  Medivac  
  48  4:24  SCV x2  
  48  4:26  Refinery  
  48  4:29  Engineering Bay  
  50  4:32  Supply Depot  
  50  4:36  SCV x2  
  52  4:40  Marine  
  52  4:41  Marine  
  54  4:48  SCV x2  
  56  4:53  Supply Depot  
  56  4:56  Liberator x2  
  58  5:00  SCV  
  58  5:01  Terran Infantry Weapons Level 1, SCV  
  58  5:05  Missile Turret  
  60  5:07  Missile Turret  
  60  5:08  Widow Mine  
  60  5:13  Marine  
  67  5:15  SCV  
  67  5:20  Supply Depot, SCV  
  69  5:23  Marine  
  69  5:24  Marauder  
  69  5:27  SCV  
  73  5:30  Supply Depot  
  73  5:32  SCV  
  73  5:33  Marine  
  75  5:39  SCV  
  75  5:40  Refinery  
  75  5:41  Factory Reactor  
  75  5:42  Marine  
  77  5:45  Marauder, SCV  
  77  5:47  Combat Shields  
  80  5:50  Supply Depot  
  80  5:51  SCV  
  80  5:53  Supply Depot  
  81  6:07  Marine x2  
  81  6:08  Medivac x2  
  81  6:10  Marauder, SCV x2  
  91  6:24  Marine, Widow Mine x2  
  96  6:29  Command Center  
  96  6:31  Marine, Marauder  
  99  6:33  SCV  
  99  6:37  Supply Depot  
  100  6:40  Supply Depot  
  100  6:42  Marine  
  101  6:53  Marauder  
  100  6:55  Terran Infantry Armor Level 1  
  100  6:56  Marine  
  100  6:57  Widow Mine x2  
  100  6:59  SCV x2  
  107  7:01  Marine  
  107  7:02  Medivac  
  110  7:11  Supply Depot, SCV  
  110  7:14  Marauder  
  113  7:17  Marine  
  113  7:19  SCV  
  113  7:22  Supply Depot  
  115  7:23  Medivac, SCV  
  115  7:24  Marine  
  115  7:26  Widow Mine  
  121  7:31  SCV  
  121  7:35  Marine  
  121  7:36  Marauder  
  125  7:39  Concussive Shells  
  125  7:41  Barracks  
  125  7:42  Marine, Barracks  
  126  7:45  Armory  
  126  7:48  Engineering Bay  
  126  7:52  Orbital Command  
  126  7:53  SCV  
  126  7:57  Supply Depot, Marauder  
  129  7:59  Marine, Supply Depot  
  130  8:09  Widow Mine x2  
  130  8:10  Medivac x2  
  138  8:13  SCV x2  
  138  8:17  Missile Turret  
  140  8:20  Marine x2  
  140  8:21  Marauder  
  140  8:23  SCV  
  140  8:25  SCV x2  
  147  8:33  Barracks Reactor x2  
  147  8:34  Barracks  
  147  8:35  SCV  
  147  8:36  Barracks  
  147  8:38  Marine  
  147  8:40  Barracks  
  149  8:42  Refinery  
  149  8:43  Refinery  
  149  8:44  Marine  
  149  8:45  Marauder  
  152  8:57  Liberator, Supply Depot  
  152  9:08  Marine  
  152  9:09  Marine x5, Marauder  
  160  9:12  Terran Infantry Armor Level 2, Terran Infantry Weapons Level 2  
  160  9:13  Terran Vehicle Weapons Level 1  
  160  9:14  Widow Mine x2  
  167  9:23  Barracks Tech Lab  
  167  9:24  Barracks Tech Lab  
  167  9:26  Marine x2  
  167  9:27  Marine  
  167  9:28  Barracks Tech Lab  
  167  9:31  Supply Depot, Marauder  
  172  9:32  Supply Depot  
  172  9:49  Marine x5, Marauder x2  
  181  9:53  Marine, Marauder x2, SCV  
  187  10:06  Marine x2  
  188  10:11  Marauder x2  
  193  10:15  Marine x2  
  193  10:16  Marine, Marauder x2  
  198  11:04  Barracks Reactor  
  198  11:09  Command Center  
  198  11:40  Ghost Academy  
  198  11:44  Marine x2  
  200  11:52  Refinery  
  200  11:56  Refinery  
  200  12:32  Orbital Command  
  200  12:35  Missile Turret  
Show
View Real Time Build Order
Export as new Build Order

A.I. 1 (Easy) Protoss 

Build Orders:  

Get SALT Encoding   

  12  0:01  Probe (Chrono Boost)  
  13  0:11  Probe (Chrono Boost)  
  14  0:19  Pylon  
  14  0:22  Probe (Chrono Boost)  
  15  0:37  Probe (Chrono Boost)  
  15  0:40  Gateway  
  16  0:44  Assimilator  
  16  0:54  Pylon  
  16  1:17  Assimilator  
  16  1:28  Zealot  
  16  1:31  Cybernetics Core  
  18  2:03  Warp Gate  
  18  2:06  Adept  
  18  2:07  Pylon  
  21  2:16  Probe (Chrono Boost)  
  21  2:27  Probe (Chrono Boost)  
  22  2:37  Stalker  
  22  2:39  Probe (Chrono Boost)  
  25  2:51  Probe (Chrono Boost)  
  26  3:02  Probe (Chrono Boost)  
  27  3:08  Stalker  
  30  3:13  Probe (Chrono Boost)  
  30  3:39  Adept  
  32  5:10  Probe (Chrono Boost)  
  32  6:47  Stalker, Probe (Chrono Boost)  
  35  6:48  Pylon  
  33  6:55  Robotics Facility  
  33  6:58  Probe (Chrono Boost)  
  33  6:59  Nexus  
  22  7:09  Probe (Chrono Boost)  
  22  7:11  Stalker  
  21  7:20  Probe (Chrono Boost)  
  20  7:32  Probe (Chrono Boost)  
  20  7:35  Sentry  
  22  7:43  Probe (Chrono Boost)  
  21  7:44  Observer  
  19  7:54  Probe (Chrono Boost)  
  19  8:02  Immortal  
  24  8:05  Probe (Chrono Boost)  
  24  8:09  Pylon  
  22  8:15  Probe (Chrono Boost)  
  22  8:17  Probe (Chrono Boost)  
  22  8:18  Zealot  
  22  8:19  Assimilator  
  25  8:21  Assimilator  
  25  8:26  Probe (Chrono Boost)  
  25  8:29  Probe (Chrono Boost)  
  22  8:37  Probe (Chrono Boost)  
  22  8:38  Zealot  
  22  8:40  Probe (Chrono Boost), Observer  
  22  8:48  Probe (Chrono Boost)  
  22  8:51  Probe (Chrono Boost)  
  16  8:59  Probe (Chrono Boost)  
  16  9:00  Immortal  
  21  9:03  Probe (Chrono Boost)  
  18  9:10  Probe (Chrono Boost)  
  18  9:14  Probe (Chrono Boost)  
  17  9:20  Adept, Probe (Chrono Boost)  
  20  9:25  Probe (Chrono Boost)  
  20  9:31  Probe (Chrono Boost)  
  21  9:36  Probe (Chrono Boost), Immortal  
  19  9:41  Probe (Chrono Boost)  
  24  9:48  Probe (Chrono Boost)  
  24  9:52  Probe (Chrono Boost)  
  20  9:59  Probe (Chrono Boost), Stalker  
  20  10:03  Probe (Chrono Boost)  
  20  10:10  Probe (Chrono Boost)  
  20  10:12  Immortal  
  21  10:15  Probe (Chrono Boost)  
  24  10:21  Probe (Chrono Boost)  
  17  10:28  Pylon  
  17  10:32  Probe (Chrono Boost)  
  12  10:43  Nexus  
  12  10:44  Probe (Chrono Boost)  
  12  10:46  Gateway, Immortal  
  12  11:26  Probe (Chrono Boost)  
  12  11:37  Probe (Chrono Boost)  
  8  11:40  Stalker  
  10  11:48  Probe (Chrono Boost)  
  10  11:59  Probe (Chrono Boost)  
  10  12:00  Probe (Chrono Boost)  
  9  12:10  Probe (Chrono Boost)  
  9  12:21  Probe (Chrono Boost)  
  6  12:35  Probe (Chrono Boost)  
Tags
 
Composition
MMM Bio
League
Diamond
Matchup
PvT
Spawn Locations
Cross Positions
Add a new tag
Caveats
  • Supply blocks, unpowered buildings, or Contaminate may cause inaccurate times.
  • Supply counts are checked every 10 seconds.